[Event "42nd Olympiad Baku 2016 Women"]
[Site "Baku"]
[Date "2016.09.06"]
[Round "5.10"]
[White "Petrenko, Svetlana"]
[Black "Sultana, Sharmin Shirin"]
[Result "0-1"]
[ECO "D02"]
[WhiteElo "2176"]
[BlackElo "2002"]
[Annotator ""]
[PlyCount "132"]
[EventDate "2016.??.??"]
[EventType "team-tourn"]
[EventCountry "AZE"]
[SourceTitle "playchess.com"]
[Source "ChessBase"]
[WhiteTeam "Moldova"]
[BlackTeam "Bangladesh"]
[WhiteTeamCountry "MDA"]
[BlackTeamCountry "BAN"]
[TimeControl "40/5400+30:1800+30"]

1. d4 {(00:00)} d5 {(00:00)} 2. Bf4 {(00:00)} Nf6 {
(02:05)} 3. Nf3 {(00:01)} Bf5 {(00:23)} 4. h3 {(00:
40)} h6 {(00:25)} 5. e3 {(01:09)} e6 {(00:12)} 6. Bd3 {
(01:13)} Ne4 {(02:34)} 7. Nbd2 {(04:59)} Nd7 {(07:
44)} 8. O-O {(02:19)} Be7 {(02:26)} 9. Ne5 {(06:54)} O-O {
(08:37)} 10. f3 {(05:33)} Nd6 {(14:38)} 11. e4 {(
05:42)} Bh7 {(02:04)} 12. Nxd7 {(06:41)} Qxd7 {(00:51)}
13. c3 {(00:08)} Rac8 {(07:30)} 14. b4 {(01:28)} b6 {
(02:28)} 15. Be3 {(06:58)} Nb7 {(09:09)} 16. Qe1 {(
16:56)} c5 {(03:41)} 17. bxc5 {(00:40)} bxc5 {(00:04)} 18.
Qg3 {(02:54)} Kh8 {(02:20)} 19. Rad1 {(07:21)} c4 {
(15:52)} 20. Bc2 {(01:03)} Nd6 {(01:05)} 21. a4 {(
02:03)} Rb8 {(00:27)} 22. Rb1 {(01:06)} Rxb1 {(05:37)} 23.
Rxb1 {(00:04)} f5 {(00:44)} 24. Bf4 {(07:23)} fxe4 {
(00:37)} 25. fxe4 {(00:09)} dxe4 {(03:14)} 26. Be5 {
(00:50)} Nf5 {(00:37)} 27. Qe1 {(03:27)} Bg5 {(03:
47)} 28. Nxe4 {(01:46)} Ne3 {(00:58)} 29. Nxg5 {(04:05)}
Nxc2 {(00:20)} 30. Nxh7 {(00:12)} Nxe1 {(02:05)} 31. Nxf8
{(00:03)} Qf7 {(01:12)} 32. Rb8 {(04:09)} Nd3 {(00:
30)} 33. Nxe6+ {(02:03)} Kh7 {(00:01)} 34. Nf8+ {(00:10)}
Kg8 {(00:20)} 35. Bg3 {(02:24)} a6 {(01:35)} 36. Ne6+ {
(02:27)} Kh7 {(00:01)} 37. d5 {(00:18)} g5 {(00:59]
} 38. Rc8 {(01:57)} Qf5 {(00:56)} 39. Rc7+ {(00:48)} Kg8 {
(00:38)} 40. Rg7+ {(00:00)} Kh8 {(00:00)} 41. Rd7 {
(01:04)} Ne5 {(06:45)} 42. Rd8+ {(02:14)} Kh7 {(00:
03)} 43. Re8 {(07:19)} Ng6 {(16:06)} 44. d6 {(01:01)} Qf7
{(01:01)} 45. Nc7 {(00:53)} h5 {(00:31)} 46. Re4 {(
09:05)} h4 {(05:53)} 47. Bf2 {(00:07)} Qd7 {(00:40)} 48.
Ne8 {(02:28)} Kh6 {(01:00)} 49. Bd4 {(04:15)} Nf4 {
(01:48)} 50. Ng7 {(05:30)} Qb7 {(01:25)} 51. Nf5+ {
(00:53)} Kh5 {(00:01)} 52. g4+ {(00:59)} hxg3 {(00:
36)} 53. Nxg3+ {(00:10)} Kg6 {(00:15)} 54. Bf2 {(02:05)}
Qd7 {(01:23)} 55. h4 {(00:22)} Qh3 {(00:19)} 56. Rxf4 {
(00:45)} gxf4 {(00:02)} 57. Ne2 {(00:25)} Kf7 {(00:
57)} 58. Nxf4 {(00:04)} Qg4+ {(00:01)} 59. Ng2 {(00:13)}
Ke6 {(00:05)} 60. Bc5 {(00:21)} Kd5 {(00:15)} 61. Bb4 {
(00:45)} Ke4 {(00:12)} 62. Kf2 {(00:40)} Qd1 {(01:
07)} 63. a5 {(00:34)} Qf3+ {(00:43)} 64. Kg1 {(00:04)} Kf5
{(00:14)} 65. Kh2 {(01:24)} Kg4 {(00:06)} 66. d7 {(
00:17)} Qg3+ {(00:25)} 0-1

[Event "42nd Olympiad Baku 2016 Women"]
[Site "Baku"]
[Date "2016.09.06"]
[Round "5.17"]
[White "Pham, Le Thao Nguyen"]
[Black "Harika, Dronavalli"]
[Result "1/2-1/2"]
[ECO "A46"]
[WhiteElo "2338"]
[BlackElo "2542"]
[Annotator ""]
[PlyCount "91"]
[EventDate "2016.??.??"]
[EventType "team-tourn"]
[EventCountry "AZE"]
[SourceTitle "playchess.com"]
[Source "ChessBase"]
[WhiteTeam "Vietnam"]
[BlackTeam "India"]
[WhiteTeamCountry "VIE"]
[BlackTeamCountry "IND"]
[TimeControl "40/5400+30:1800+30"]

1. d4 {(00:00)} Nf6 {(00:00)} 2. Nf3 {(00:22)} e6 {
(00:00)} 3. g3 {(02:52)} d5 {(03:19)} 4. Bg2 {(01:
17)} g6 {(01:00)} 5. O-O {(00:58)} Bg7 {(00:04)} 6. c4 {
(02:37)} O-O {(00:07)} 7. Qc2 {(00:51)} Nc6 {(00:
17)} 8. Rd1 {(02:21)} a5 {(00:42)} 9. Bf4 {(02:30)} Qe7 {
(05:56)} 10. Na3 {(03:14)} Rd8 {(09:36)} 11. Qc1 {(
04:21)} Ne4 {(12:59)} 12. Nb5 {(06:07)} Rd7 {(03:36)} 13.
h4 {(11:05)} a4 {(16:10)} 14. Ng5 {(18:22)} Nf6 {(
01:16)} 15. Nf3 {(06:26)} dxc4 {(05:37)} 16. Qxc4 {(02:18]
} Nd5 {(00:09)} 17. Bg5 {(08:28)} Qb4 {(01:01)} 18. Qxb4 {
(01:53)} Ndxb4 {(00:44)} 19. Be3 {(04:40)} Nc2 {(
04:21)} 20. Rac1 {(00:34)} Nxe3 {(00:11)} 21. fxe3 {(00:
03)} Ra5 {(14:20)} 22. Na3 {(02:02)} e5 {(07:20)} 23. dxe5
{(12:44)} Rxd1+ {(04:42)} 24. Rxd1 {(00:01)} Be6 {(
02:44)} 25. Nd4 {(00:33)} Bxa2 {(01:07)} 26. Nxc6 {(02:26]
} bxc6 {(00:04)} 27. Rd8+ {(00:13)} Bf8 {(00:05)} 28. Bxc6
{(00:23)} Rxe5 {(01:48)} 29. Bxa4 {(00:46)} Kg7 {(
01:38)} 30. Rd3 {(00:57)} Bc5 {(00:10)} 31. Kf2 {(01:02)}
Rf5+ {(00:23)} 32. Kg1 {(00:57)} Re5 {(00:06)} 33. Kf2 {
(00:05)} Rf5+ {(00:09)} 34. Kg1 {(00:09)} Bd6 {(01:
42)} 35. Bd7 {(02:20)} Rc5 {(00:51)} 36. Kf2 {(00:13)} Rc1
{(00:35)} 37. Nb5 {(01:16)} Be5 {(00:44)} 38. Rd2 {
(00:46)} Bb1 {(00:48)} 39. Bg4 {(00:25)} c5 {(01:
06)} 40. Bf3 {(00:00)} Ba2 {(00:00)} 41. g4 {(11:13)} Be6
{(07:23)} 42. Nd6 {(05:01)} Rb1 {(07:00)} 43. Ne4 {
(02:29)} Rxb2 {(03:07)} 44. Rxb2 {(00:22)} Bxb2 {(
00:04)} 45. Nxc5 {(00:06)} Ba3 {(00:42)} 46. Nxe6+ {(01:
16)} 1/2-1/2

[Event "42nd Olympiad Baku 2016 Women"]
[Site "Baku"]
[Date "2016.09.06"]
[Round "5.12"]
[White "Phitchayarom, Ruja"]
[Black "Musaeva, Shakhnazi"]
[Result "0-1"]
[ECO "A46"]
[WhiteElo "1584"]
[BlackElo "1611"]
[Annotator ""]
[PlyCount "114"]
[EventDate "2016.??.??"]
[EventType "team-tourn"]
[EventCountry "AZE"]
[SourceTitle "playchess.com"]
[Source "ChessBase"]
[WhiteTeam "Thailand"]
[BlackTeam "Kyrgyzstan"]
[WhiteTeamCountry "THA"]
[BlackTeamCountry "KGZ"]
[TimeControl "40/5400+30:1800+30"]

1. d4 {(00:00)} Nf6 {(00:00)} 2. Nf3 {(00:00)} e6 {
(00:06)} 3. Bf4 {(00:09)} d5 {(00:40)} 4. e3 {(00:
56)} b6 {(02:36)} 5. c3 {(01:20)} Bd6 {(01:15)} 6. Ne5 {
(00:56)} O-O {(01:26)} 7. Bd3 {(00:35)} c5 {(00:22]
} 8. O-O {(00:18)} Qc7 {(02:45)} 9. Nd2 {(01:11)} Bb7 {
(06:04)} 10. Bg3 {(08:20)} Ne4 {(02:31)} 11. Bxe4 {
(08:34)} dxe4 {(02:14)} 12. Ndc4 {(00:39)} Bxe5 {(
05:22)} 13. Nxe5 {(00:41)} Qe7 {(01:16)} 14. Rc1 {(02:42)}
Rd8 {(01:20)} 15. Qa4 {(02:37)} f6 {(03:30)} 16. Nc4 {
(01:50)} Bc6 {(10:51)} 17. Qc2 {(02:13)} Na6 {(02:
41)} 18. Nd2 {(00:41)} f5 {(00:54)} 19. f3 {(02:48)} exf3
{(03:42)} 20. Nxf3 {(00:15)} Qb7 {(06:55)} 21. Be5 {
(02:16)} Be4 {(02:08)} 22. Qf2 {(00:52)} cxd4 {(03:
14)} 23. cxd4 {(00:43)} Rac8 {(00:53)} 24. Ng5 {(01:17)}
Bd5 {(02:02)} 25. Qg3 {(04:13)} h6 {(02:58)} 26. Nh3 {
(01:29)} Nb4 {(01:33)} 27. Nf4 {(07:21)} Nc6 {(04:
22)} 28. Nxd5 {(04:55)} Rxd5 {(00:32)} 29. Bf4 {(02:05)}
Kh7 {(00:27)} 30. Qe1 {(04:39)} Rdd8 {(13:53)} 31. Rf2 {
(01:32)} Ne7 {(02:03)} 32. Rfc2 {(02:08)} Nd5 {(00:
53)} 33. Be5 {(01:13)} Qa6 {(01:04)} 34. Qg3 {(00:39)} g6
{(00:37)} 35. a3 {(01:09)} Rxc2 {(01:02)} 36. Rxc2 {
(00:10)} Qd3 {(00:18)} 37. Rc1 {(02:11)} Qd2 {(00:
38)} 38. Re1 {(04:31)} Rc8 {(02:23)} 39. h4 {(06:01)} Rc1
{(00:49)} 40. Rxc1 {(00:00)} Qxc1+ {(00:00)} 41. Kh2 {
(07:39)} Qxe3 {(07:03)} 42. Qxe3 {(02:00)} Nxe3 {(
00:09)} 43. Kg3 {(00:26)} g5 {(01:14)} 44. hxg5 {(00:33)}
hxg5 {(00:07)} 45. Kf3 {(00:16)} Nc4 {(00:16)} 46. g4 {
(02:28)} Kg6 {(00:25)} 47. Bh8 {(01:02)} b5 {(01:
24)} 48. Be5 {(01:37)} Nxb2 {(00:25)} 49. d5 {(01:04)} Nc4
{(00:17)} 50. Bb8 {(01:13)} exd5 {(00:07)} 51. Bxa7 {
(00:36)} Ne5+ {(00:13)} 52. Ke3 {(00:50)} f4+ {(00:
29)} 53. Kf2 {(00:18)} Nxg4+ {(00:10)} 54. Kg2 {(00:31)}
Kf5 {(00:33)} 55. Kf3 {(00:16)} Ne5+ {(00:12)} 56. Kf2 {
(00:18)} g4 {(00:09)} 57. Kg2 {(00:23)} Ke4 {(00:
18)} 0-1

[Event "42nd Olympiad Baku 2016 Women"]
[Site "Baku"]
[Date "2016.09.06"]
[Round "5.7"]
[White "Pogonina, Natalija"]
[Black "Zhylkaidarova, Sholpan"]
[Result "1/2-1/2"]
[ECO "E10"]
[WhiteElo "2484"]
[BlackElo "2162"]
[Annotator ""]
[PlyCount "149"]
[EventDate "2016.??.??"]
[EventType "team-tourn"]
[EventCountry "AZE"]
[SourceTitle "playchess.com"]
[Source "ChessBase"]
[WhiteTeam "Russia"]
[BlackTeam "Kazakhstan"]
[WhiteTeamCountry "RUS"]
[BlackTeamCountry "KAZ"]
[TimeControl "40/5400+30:1800+30"]

1. d4 {(00:00)} Nf6 {(00:00)} 2. c4 {(00:00)} e6 {(
00:03)} 3. Nf3 {(00:00)} d5 {(01:33)} 4. g3 {(00:01)} Bb4+
{(00:43)} 5. Bd2 {(00:17)} Be7 {(01:05)} 6. Bg2 {(
00:12)} O-O {(02:07)} 7. O-O {(00:12)} c6 {(00:30)} 8. Qc2
{(00:14)} a5 {(01:23)} 9. b3 {(06:55)} b6 {(01:44)}
10. Rd1 {(09:09)} Nbd7 {(04:20)} 11. Bf4 {(18:10)} Ba6 {
(01:52)} 12. Nc3 {(03:49)} Rc8 {(05:02)} 13. a3 {(
04:38)} Nh5 {(11:24)} 14. Bc1 {(01:37)} Qc7 {(04:56)} 15.
Qa2 {(16:54)} Nhf6 {(07:12)} 16. Bf4 {(03:03)} Qa7 {
(01:50)} 17. Rac1 {(00:30)} Rfd8 {(00:21)} 18. h3 {
(03:53)} h6 {(03:05)} 19. Ne5 {(02:29)} Nxe5 {(03:
34)} 20. Bxe5 {(01:37)} Nd7 {(11:24)} 21. Bf4 {(00:27)}
Bf6 {(00:05)} 22. cxd5 {(04:15)} cxd5 {(01:24)} 23. a4 {
(01:06)} Nb8 {(01:42)} 24. e3 {(08:12)} Nc6 {(01:
40)} 25. g4 {(02:30)} Nb4 {(01:02)} 26. Qb1 {(00:12)} Qd7
{(02:29)} 27. Bf1 {(00:49)} Bxf1 {(00:53)} 28. Rxf1 {
(00:26)} h5 {(01:59)} 29. gxh5 {(00:55)} Be7 {(00:
11)} 30. Kg2 {(00:48)} Bd6 {(00:49)} 31. Ne2 {(01:23)}
Rxc1 {(04:44)} 32. Rxc1 {(00:10)} Bxf4 {(00:21)} 33. Nxf4
{(00:18)} Rc8 {(00:06)} 34. Qb2 {(03:23)} Kf8 {(02:
23)} 35. Rc3 {(03:13)} Ke7 {(01:24)} 36. Qd2 {(00:16)}
Rxc3 {(01:53)} 37. Qxc3 {(00:03)} Qc6 {(00:20)} 38. Qxc6 {
(03:17)} Nxc6 {(00:01)} 39. Kg3 {(00:14)} Nb4 {(01:
06)} 40. Kg4 {(00:00)} Kf6 {(00:00)} 41. h4 {(05:45)} Na2
{(18:18)} 42. Nd3 {(01:24)} Nc3 {(00:16)} 43. f3 {(
08:29)} Nd1 {(06:30)} 44. Kf4 {(01:05)} Nc3 {(02:46)} 45.
e4 {(01:13)} b5 {(06:53)} 46. axb5 {(02:29)} Nxb5 {
(00:12)} 47. Ke3 {(00:08)} Ke7 {(04:20)} 48. Nc5 {(
01:33)} Na7 {(00:20)} 49. Kd3 {(06:27)} Nc6 {(01:13)} 50.
Kc3 {(02:23)} Kd6 {(03:00)} 51. Nd3 {(02:22)} e5 {(
06:03)} 52. dxe5+ {(00:14)} Nxe5 {(00:04)} 53. Ne1 {(00:
13)} dxe4 {(01:40)} 54. fxe4 {(00:04)} Kc5 {(00:14)} 55.
Nc2 {(03:21)} Ng4 {(01:11)} 56. b4+ {(01:27)} axb4+ {
(00:17)} 57. Nxb4 {(00:05)} Nf6 {(00:24)} 58. Nd3+ {
(00:06)} Kc6 {(02:15)} 59. Kd4 {(01:06)} Kd7 {(01:
15)} 60. Nf4 {(00:22)} Ng4 {(00:58)} 61. e5 {(00:35)} Nh6
{(00:44)} 62. Ke4 {(00:08)} Ke7 {(00:19)} 63. Nd5+ {
(01:42)} Ke6 {(00:10)} 64. Nc7+ {(00:05)} Ke7 {(00:
18)} 65. Kf4 {(00:24)} Kd7 {(00:48)} 66. Nb5 {(00:46)} Ke6
{(01:29)} 67. Nd4+ {(00:20)} Ke7 {(00:44)} 68. Kg5 {
(02:27)} Kf8 {(00:46)} 69. e6 {(01:11)} fxe6 {(00:
26)} 70. Kg6 {(00:46)} Kg8 {(00:56)} 71. Nxe6 {(00:11)}
Ng4 {(00:17)} 72. Nxg7 {(00:32)} Ne5+ {(00:07)} 73. Kf6 {
(00:28)} Ng4+ {(00:10)} 74. Kg6 {(00:17)} Ne5+ {(
00:06)} 75. Kf6 1/2-1/2

[Event "42nd Olympiad Baku 2016 Women"]
[Site "Baku"]
[Date "2016.09.06"]
[Round "5.31"]
[White "Prasad, Tanvi"]
[Black "Braganza, Nadia"]
[Result "0-1"]
[ECO "B08"]
[WhiteElo "1339"]
[BlackElo "1392"]
[Annotator ""]
[PlyCount "96"]
[EventDate "2016.??.??"]
[EventType "team-tourn"]
[EventCountry "AZE"]
[SourceTitle "playchess.com"]
[Source "ChessBase"]
[WhiteTeam "Fiji"]
[BlackTeam "New Zealand"]
[WhiteTeamCountry "FIJ"]
[BlackTeamCountry "NZL"]
[TimeControl "40/5400+30:1800+30"]

1. d4 {(00:00)} Nf6 {(00:00)} 2. Nf3 {(00:18)} g6 {
(00:46)} 3. Nc3 {(00:52)} Bg7 {(01:10)} 4. e4 {(01:
42)} d6 {(01:46)} 5. Bd2 {(01:18)} O-O {(02:15)} 6. Qc1 {
(01:59)} Nbd7 {(09:15)} 7. Bh6 {(01:21)} e5 {(06:
15)} 8. Bxg7 {(01:58)} Kxg7 {(00:59)} 9. Be2 {(00:42)} Re8
{(13:34)} 10. dxe5 {(03:14)} dxe5 {(02:02)} 11. O-O {
(00:24)} Nh5 {(10:12)} 12. Rd1 {(00:38)} Nf4 {(03:
51)} 13. Qe3 {(02:12)} c6 {(11:53)} 14. g3 {(00:33)} Nxe2+
{(02:34)} 15. Qxe2 {(02:26)} Qf6 {(01:54)} 16. Rd2 {
(02:51)} Nb6 {(02:41)} 17. Rad1 {(04:15)} Bh3 {(09:
17)} 18. Ne1 {(00:34)} h5 {(05:08)} 19. Ng2 {(00:59)} Bg4
{(00:29)} 20. f3 {(00:15)} Bxf3 {(00:12)} 21. Qe1 {
(02:24)} Bxd1 {(00:09)} 22. Rxd1 {(00:23)} Rad8 {(
00:13)} 23. Rxd8 {(00:17)} Rxd8 {(00:06)} 24. Nh4 {(04:10]
} Qd6 {(02:59)} 25. Qe3 {(03:12)} Qd4 {(00:33)} 26. Qxd4 {
(00:30)} exd4 {(00:19)} 27. Ne2 {(00:23)} d3 {(00:
29)} 28. cxd3 {(00:12)} Rxd3 {(00:17)} 29. Kf2 {(00:46)}
Rd2 {(00:20)} 30. Kf3 {(00:33)} Rxb2 {(00:08)} 31. e5 {
(00:22)} Nc4 {(00:34)} 32. Kf4 {(00:17)} Rxe2 {(00:
10)} 33. Nf3 {(00:22)} Rxa2 {(00:15)} 34. g4 {(00:39)} b5
{(00:58)} 35. g5 {(00:18)} b4 {(00:14)} 36. Nd4 {(
00:25)} Rxh2 {(01:23)} 37. e6 {(00:18)} fxe6 {(00:21)} 38.
Nxe6+ {(00:15)} Kg8 {(00:18)} 39. Nd4 {(00:30)} a5 {
(00:40)} 40. Nxc6 {(00:00)} b3 {(00:00)} 41. Nd4 {(
00:36)} b2 {(00:16)} 42. Kf3 {(00:24)} b1=Q {(00:11)} 43.
Kf4 {(00:22)} Rh4+ {(00:45)} 44. Kf3 Qe4+ {(00:13)} 45.
Kf2 {(00:29)} Qe3+ {(00:06)} 46. Kg2 {(00:14)} Rf4 {
(00:52)} 47. Kh2 {(00:25)} Qf2+ {(00:26)} 48. Kh3 {
(00:14)} Rh4# {(00:07)} 0-1

[Event "42nd Olympiad Baku 2016 Women"]
[Site "Baku"]
[Date "2016.09.06"]
[Round "5.12"]
[White "Psaila, Uranchimeg"]
[Black "Nurse, Lydia"]
[Result "1-0"]
[ECO "A40"]
[WhiteElo "1483"]
[BlackElo "1291"]
[Annotator ""]
[PlyCount "195"]
[EventDate "2016.??.??"]
[EventType "team-tourn"]
[EventCountry "AZE"]
[SourceTitle "playchess.com"]
[Source "ChessBase"]
[WhiteTeam "Malta"]
[BlackTeam "Barbados"]
[WhiteTeamCountry "MLT"]
[BlackTeamCountry "BAR"]
[TimeControl "40/5400+30:1800+30"]

1. d4 {(00:00)} e6 {(00:00)} 2. e4 {(02:03)} Bb4+ {
(00:59)} 3. c3 {(00:27)} Ba5 {(02:13)} 4. Nf3 {(00:
44)} d5 {(02:15)} 5. e5 {(03:16)} Nd7 {(04:29)} 6. Bd3 {
(02:50)} Ne7 {(02:43)} 7. O-O {(02:21)} O-O {(03:
00)} 8. Bc2 {(05:05)} Bb6 {(02:40)} 9. Qd3 {(07:47)} Nf5 {
(02:36)} 10. g4 {(04:27)} g6 {(02:57)} 11. gxf5 {(
03:41)} exf5 {(03:09)} 12. Qe3 {(04:41)} Re8 {(02:21)} 13.
Qh6 {(03:50)} Nf8 {(05:59)} 14. Bg5 {(03:02)} f6 {(
11:18)} 15. Bxf6 {(01:49)} Qd7 {(02:02)} 16. Ng5 {(04:46)}
Ne6 {(08:02)} 17. f4 {(11:15)} c5 {(06:28)} 18. Bxf5 {
(09:47)} gxf5 {(04:51)} 19. Nxe6 {(00:49)} Rxe6 {(
14:16)} 20. Rf3 {(01:13)} Rxf6 {(02:03)} 21. Qxf6 {(00:39]
} Qf7 {(00:36)} 22. Rg3+ {(01:16)} Kf8 {(00:30)} 23. Qh8+
{(01:17)} Ke7 {(02:28)} 24. Rg7 {(01:00)} Qxg7+ {(
01:23)} 25. Qxg7+ {(00:10)} Ke8 {(00:46)} 26. Qg8+ {(03:
03)} Ke7 {(01:11)} 27. Qxd5 {(00:49)} cxd4 {(03:04)} 28.
Qd6+ {(01:15)} Kf7 {(00:53)} 29. cxd4 {(00:45)} Be6 {
(01:13)} 30. Nc3 {(02:11)} Rd8 {(01:36)} 31. Qb4 {(
01:05)} Rxd4 {(00:44)} 32. Qa3 {(02:29)} Ra4+ {(00:41)}
33. Kg2 {(00:35)} Rxa3 {(00:03)} 34. bxa3 {(00:20)} Kg6 {
(00:48)} 35. Kf3 {(00:51)} Kh5 {(00:15)} 36. Rd1 {(
01:53)} Bc5 {(01:52)} 37. a4 {(02:35)} a6 {(02:02)} 38.
Rd8 {(00:49)} Kh4 {(00:24)} 39. Re8 {(01:37)} Bd7 {
(01:46)} 40. Rg8 {(00:00)} h5 {(00:00)} 41. Rg7 {(
05:51)} Bc6+ {(02:03)} 42. Ke2 {(00:46)} Kh3 {(00:37)} 43.
e6 {(01:11)} Bd4 {(01:00)} 44. Rh7 {(01:28)} h4 {(
01:13)} 45. Kd3 {(02:52)} Bg1 {(02:12)} 46. Rf7 {(03:32)}
Kg4 {(03:21)} 47. e7 {(03:51)} Bxh2 {(01:26)} 48. Rg7+ {
(01:30)} Kxf4 {(02:18)} 49. Nd5+ {(01:20)} Kf3 {(
01:17)} 50. Rg8 {(03:17)} h3 {(01:28)} 51. e8=Q Bxe8 {(00:
30)} 52. Rxe8 {(01:33)} Bg1 {(00:56)} 53. Rh8 {(01:57)} h2
{(00:16)} 54. Nc3 {(05:34)} Kg2 {(02:20)} 55. Rg8+ {
(01:57)} Kf1 {(02:03)} 56. Rh8 {(00:42)} Kg2 {(02:
24)} 57. Ne2 {(01:35)} Bf2 {(01:33)} 58. Rxh2+ {(03:17)}
Kxh2 {(00:31)} 59. Nf4 {(00:53)} Kg3 {(00:52)} 60. Nd5 {
(01:27)} Kh4 {(02:46)} 61. Ke2 {(00:37)} Bc5 {(00:
37)} 62. Kf3 {(00:41)} Kg5 {(00:27)} 63. Nf4 {(00:57)} Kh4
{(02:20)} 64. Ne6 {(01:26)} Bd6 {(04:41)} 65. Nd4 {
(00:34)} f4 {(02:23)} 66. Nf5+ {(00:28)} Kg5 {(01:
16)} 67. Nxd6 {(00:13)} Kf6 {(01:37)} 68. Nxb7 {(00:37)}
Ke5 {(00:11)} 69. Nc5 {(00:40)} Kd5 {(00:05)} 70. Nxa6 {
(00:42)} Kc6 {(00:25)} 71. Kxf4 {(00:20)} Kb6 {(00:
03)} 72. Nb4 {(00:31)} Ka5 {(00:36)} 73. Nc2 {(01:57)}
Kxa4 {(01:02)} 74. Ke3 {(00:28)} Kb5 {(00:44)} 75. Kd3 {
(00:25)} Ka5 {(00:11)} 76. Kc4 {(00:28)} Ka4 {(00:
27)} 77. Kc3 {(00:16)} Ka5 {(00:13)} 78. Kb3 {(00:14)} Kb5
{(00:18)} 79. a4+ {(00:26)} Ka5 {(01:30)} 80. Nb4 {
(00:13)} Kb6 {(00:30)} 81. Nd3 {(00:47)} Ka5 {(00:
13)} 82. Nb2 {(00:22)} Ka6 {(00:19)} 83. Kb4 {(00:12)} Kb6
{(00:04)} 84. Nc4+ {(00:20)} Ka6 {(00:50)} 85. Kc5 {
(00:34)} Ka7 {(00:15)} 86. Kb5 {(00:17)} Kb7 {(00:
06)} 87. a5 {(00:23)} Ka7 {(00:13)} 88. Nb6 {(00:26)} Kb7
{(00:12)} 89. a6+ {(00:49)} Ka7 {(00:03)} 90. Nc8+ {
(01:00)} Kb8 {(00:12)} 91. Kb6 {(02:08)} Ka8 {(00:
26)} 92. Nd6 {(00:26)} Kb8 {(00:14)} 93. Nb5 {(00:31)} Ka8
{(00:20)} 94. Kc6 {(00:57)} Kb8 {(00:23)} 95. Nc7 {
(01:22)} Ka7 {(00:26)} 96. Kb5 {(00:46)} Kb8 {(01:
02)} 97. Kb6 {(00:13)} Kc8 {(00:51)} 98. a7 {(00:15)} 1-0

[Event "42nd Olympiad Baku 2016 Women"]
[Site "Baku"]
[Date "2016.09.06"]
[Round "5.17"]
[White "Ptacnikova, Lenka"]
[Black "Real Pereyra, Diana Carime"]
[Result "1-0"]
[ECO "B61"]
[WhiteElo "2159"]
[BlackElo "2136"]
[Annotator ""]
[PlyCount "97"]
[EventDate "2016.??.??"]
[EventType "team-tourn"]
[EventCountry "AZE"]
[SourceTitle "playchess.com"]
[Source "ChessBase"]
[WhiteTeam "Iceland"]
[BlackTeam "Mexico"]
[WhiteTeamCountry "ISL"]
[BlackTeamCountry "MEX"]
[TimeControl "40/5400+30:1800+30"]

1. e4 {(00:00)} c5 {(00:00)} 2. Nf3 {(00:00)} d6 {(
00:00)} 3. d4 {(00:05)} cxd4 {(00:05)} 4. Nxd4 {(00:04)}
Nf6 {(00:05)} 5. Nc3 {(00:07)} Nc6 {(00:04)} 6. Bg5 {
(00:42)} Bd7 {(00:33)} 7. Qd2 {(00:58)} Rc8 {(00:
22)} 8. f4 {(00:54)} h6 {(02:45)} 9. Bxf6 {(01:57)} gxf6 {
(02:03)} 10. Nf5 {(00:28)} Qa5 {(04:56)} 11. Bd3 {(
00:36)} Nb4 {(10:01)} 12. a3 {(19:43)} Nxd3+ {(04:53)} 13.
Qxd3 {(00:12)} Qc5 {(00:53)} 14. O-O-O {(05:38)} Qc4 {
(03:33)} 15. Qe3 {(10:41)} Qc5 {(01:51)} 16. Qd3 {(
02:22)} Qc4 {(00:04)} 17. Qf3 {(10:08)} Rc5 {(11:11)} 18.
Rd4 {(07:33)} Qa6 {(00:27)} 19. Rhd1 {(00:44)} Qc6 {
(12:52)} 20. Qe2 {(12:57)} Kd8 {(03:56)} 21. Nd5 {(
06:16)} Qc8 {(11:31)} 22. Ndxe7 {(09:33)} Bxe7 {(00:40)}
23. Nxd6 {(00:18)} Bxd6 {(06:26)} 24. Rxd6 {(00:05)} Rc7 {
(00:28)} 25. e5 {(00:55)} Re8 {(01:33)} 26. Qh5 {(
06:50)} fxe5 {(14:52)} 27. Qh4+ {(02:09)} Re7 {(00:20)}
28. Kb1 {(00:39)} Rc6 {(04:59)} 29. fxe5 {(00:52)} Ke8 {
(01:05)} 30. Qxh6 {(00:10)} Re6 {(00:55)} 31. Qh8+ {
(00:11)} Ke7 {(00:01)} 32. Qh4+ {(00:22)} Ke8 {(00:
01)} 33. Rxd7 {(00:25)} Qxd7 {(00:02)} 34. Rxd7 {(00:06)}
Kxd7 {(00:01)} 35. Qd4+ {(00:12)} Kc7 {(02:43)} 36. Qf4 {
(00:15)} Kb6 {(00:45)} 37. h4 {(00:46)} Rc5 {(00:
40)} 38. Qxf7 {(01:00)} Rexe5 {(00:14)} 39. Qf6+ {(00:43)}
Kc7 {(00:12)} 40. Qf4 {(00:00)} Kc6 {(00:00)} 41. g4 {
(01:51)} Re1+ {(02:36)} 42. Ka2 {(01:10)} a5 {(00:
23)} 43. Qf3+ {(02:54)} Kb6 {(01:50)} 44. Qf2 {(00:48)}
Re4 {(00:43)} 45. g5 {(00:50)} Rec4 {(11:36)} 46. c3 {
(02:58)} Kb5 {(02:27)} 47. g6 {(01:38)} Rc7 {(00:
16)} 48. h5 {(00:55)} R4c6 {(02:57)} 49. h6 {(00:47)} 1-0

[Event "42nd Olympiad Baku 2016 Women"]
[Site "Baku"]
[Date "2016.09.06"]
[Round "5.26"]
[White "Putri, Regita Desyari"]
[Black "Saira Rafique"]
[Result "1-0"]
[ECO "C65"]
[WhiteElo "1623"]
[BlackElo "1104"]
[Annotator ""]
[PlyCount "85"]
[EventDate "2016.??.??"]
[EventType "team-tourn"]
[EventCountry "AZE"]
[SourceTitle "playchess.com"]
[Source "ChessBase"]
[WhiteTeam "Indonesia"]
[BlackTeam "Pakistan"]
[WhiteTeamCountry "INA"]
[BlackTeamCountry "PAK"]
[TimeControl "40/5400+30:1800+30"]

1. e4 {(00:00)} e5 {(00:00)} 2. Nf3 {(00:07)} Nc6 {
(00:06)} 3. Bb5 {(00:52)} Bc5 {(02:07)} 4. O-O {(
01:47)} Nf6 {(02:27)} 5. d3 {(01:42)} O-O {(00:30)} 6.
Bxc6 {(03:36)} bxc6 {(04:51)} 7. Nxe5 {(02:16)} Bd6 {
(14:47)} 8. Nf3 {(01:57)} Ng4 {(03:17)} 9. d4 {(07:
21)} f6 {(05:08)} 10. h3 {(00:55)} Nh6 {(01:53)} 11. Bxh6
{(04:31)} gxh6 {(05:04)} 12. Nh4 {(01:06)} Re8 {(
09:33)} 13. Nd2 {(02:38)} Bf8 {(02:42)} 14. Re1 {(09:15)}
d6 {(00:34)} 15. Re3 {(02:42)} Bg7 {(00:49)} 16. Qh5 {
(03:10)} Rb8 {(06:02)} 17. Rb3 {(08:59)} Rb6 {(06:
13)} 18. Nf5 {(03:05)} Bxf5 {(06:41)} 19. Qxf5 {(00:12)}
Qe7 {(02:40)} 20. Rxb6 {(01:44)} cxb6 {(01:22)} 21. a4 {
(00:49)} Qe6 {(00:32)} 22. Qxe6+ {(01:14)} Rxe6 {(
00:14)} 23. c3 {(00:13)} c5 {(06:51)} 24. d5 {(04:35)} Re5
{(02:05)} 25. Re1 {(00:15)} Re8 {(01:23)} 26. Nc4 {
(01:39)} Bf8 {(01:11)} 27. Kf1 {(01:12)} h5 {(01:
55)} 28. f4 {(01:56)} Kf7 {(05:34)} 29. e5 {(08:00)} fxe5
{(02:14)} 30. fxe5 {(00:08)} dxe5 {(02:20)} 31. Rxe5 {
(00:25)} h4 {(01:10)} 32. Rxe8 {(00:41)} Kxe8 {(00:
14)} 33. Ke2 {(00:24)} Kd7 {(00:17)} 34. Kf3 {(01:32)} Be7
{(00:16)} 35. Ke4 {(00:17)} Bd6 {(03:13)} 36. Nxd6 {
(01:45)} Kxd6 {(00:12)} 37. c4 {(00:04)} a5 {(00:
34)} 38. Kf5 {(00:17)} h6 {(01:01)} 39. Kf6 {(00:19)} h5 {
(00:17)} 40. b3 {(00:00)} Kd7 {(00:00)} 41. Ke5 {(
01:26)} Ke7 {(02:30)} 42. d6+ {(00:09)} Kd7 {(00:19)} 43.
Ke4 1-0